 Dungeon Crawl Stone Soup version 0.25.1-2-g60ff931df9 (webtiles) character file.

Game seed: 17834736302155884928

256 gbos the Chopper (level 6, -6/38 HPs)
             Began as a Gargoyle Berserker on Nov 16, 2020.
             Mangled by a polar bear (9 damage)
             ... created by the rage of Trog
             ... on level 3 of the Dungeon.
             The game lasted 00:00:31 (2512 turns).

gbos the Chopper (Gargoyle Berserker)               Turns: 2512, Time: 00:00:31

Health: -6/38      AC: 13    Str: 22    XL:     6   Next: 15%
Magic:  6/6        EV: 10    Int:  8    God:
Gold:   117        SH:  0    Dex:  9    Spells: 5/5 levels left

rFire    . . .     SeeInvis .   Y - +0 hand axe
rCold    . . .     Gourm    .   (no shield)
rNeg     + . .     Faith    .   g - +0 scale mail
rPois    ∞         Spirit   .   q - +1 helmet
rElec    +         Reflect  .   (no cloak)
rCorr    .         Harm     .   (no gloves)
MR       .....                  (no boots)
Stlth    ..........             (no amulet)
HPRegen  0.12/turn              (no ring)
MPRegen  0.10/turn              (no ring)

@: no status effects
A: negative energy resistance 1, electricity resistance, unbreathing,
petrification resistance, rot immunity, AC +4
a: no special abilities


You were on level 3 of the Dungeon.
You were not hungry.

You visited 1 branch of the dungeon, and saw 3 of its levels.

You collected 117 gold pieces.


Innate Abilities, Weirdness & Mutations

You are resistant to torment.
Your stone body is resilient. (AC +4)
You are immune to poison.
You resist negative energy. (rN+)
You are resistant to electric shocks. (rElec)
You can survive without breathing.
You are immune to petrification.
You are immune to rotting.


   Skills:
 - Level 4.0 Fighting
 + Level 5.8 Axes
 - Level 2.1 Armour
 - Level 1.5 Dodging


You had 5 spell levels left.
You didn't know any spells.
Your spell library was empty.

Inventory:

Hand Weapons
 d - a +0 mace
 Y - a +0 hand axe (weapon)
Armour
 g - a +0 scale mail (worn)
 q - a +1 helmet (worn)
Scrolls
 a - a scroll of remove curse
Potions
 b - a potion of stabbing {unknown}
 e - a potion of flight {unknown}
 i - a potion of heal wounds {unknown}
 l - a potion of haste {unknown}
 m - a potion of might {unknown}
 n - a potion of magic {unknown}
 p - a potion of ambrosia {unknown}
Comestibles
 c - 6 rations
 f - 3 chunks of flesh

Dungeon Overview and Level Annotations

Branches:
Dungeon (3/15)

Altars:
Fedhas
The Shining One


Message History

Ouch! That really hurt!
The polar bear claws you but does no damage. x2
You completely miss the black bear.
The black bear is lightly wounded.
You closely miss the polar bear. The black bear bites you.
The black bear barely misses you.
The black bear claws you but does no damage.
The polar bear barely misses you.
The polar bear claws you but does no damage.
The polar bear barely misses you. The polar bear bites you.
The polar bear claws you but does no damage.
The polar bear closely misses you. The black bear barely misses you.
The black bear claws you but does no damage.
The black bear misses you.
You hit the black bear.
The black bear is lightly wounded.
You hit the polar bear.
The black bear bites you but does no damage.
The black bear closely misses you. x2; The polar bear bites you!
You die...

# #. ##
#####.###.#
.[.......# #.
#........#
.......h....#.#
#..
#.##.##hh......
#..##.##.##@#
#..##.##.##.#
#..##.##.##.#
#..##.##.##.#
#..##.....#.#
#.##>###.#.#
#....# #...#
#)##.###.###
#.###....#


You could see a polar bear (berserk) and 2 black bears.

Vanquished Creatures
  Sigmund (D:2)
  A howler monkey zombie (D:3)
  Robin (D:2)
  An adder (D:2)
  A worm (D:2)
  A dart slug (D:1)
  A leopard gecko (D:2)
  A ball python (D:2)
  A giant cockroach (D:2)
  10 hobgoblins
  2 jackals (D:2)
  3 kobolds
  2 bats
  7 frilled lizards
  22 goblins
  4 rats
59 creatures vanquished.

Notes
Turn   | Place    | Note
-------+----------+-------------------------------------------
     0 | D:1      | gbos the Gargoyle Berserker began the quest for the Orb.
     0 | D:1      | Reached XP level 1. HP: 14/14 MP: 1/1
     0 | D:1      | 0 ||| counter = 13
     0 | D:1      | Fell from the grace of Trog
   118 | D:1      | Reached skill level 3 in Axes
   409 | D:1      | Found a glowing golden altar of the Shining One.
   429 | D:1      | Reached XP level 2. HP: 19/19 MP: 2/2
   917 | D:1      | 917 ||| UPGRADING to leather armour.
   927 | D:1      | 927 ||| DROPPING +0 animal skin.
   928 | D:1      | 928 ||| UPGRADING to ring mail.
   938 | D:1      | 938 ||| DROPPING +0 leather armour.
   939 | D:1      | 939 ||| READING 2 scrolls labeled BOSOUC WEOTZ.
   940 | D:1      | 940 ||| UPGRADING to mace.
   941 | D:1      | 941 ||| SWAPPING to +0 hand axe.
   942 | D:1      | 942 ||| READING scroll labeled COMAHAOMNUEG.
   943 | D:1      | 943 ||| READING 2 scrolls labeled MIMOEW NIACS.
   944 | D:1      | 944 ||| READING scroll labeled ZUTHISAFET.
   945 | D:1      | 945 ||| DRINKING 2 viscous purple potions.
   946 | D:1      | 946 ||| DROPPING scroll of noise.
   947 | D:1      | 947 ||| DROPPING potion of degeneration.
   992 | D:2      | Reached XP level 3. HP: 22/23 MP: 3/3
  1151 | D:2      | Reached skill level 4 in Axes
  1346 | D:2      | Noticed Sigmund
  1368 | D:2      | Killed Sigmund
  1368 | D:2      | Reached skill level 5 in Axes
  1368 | D:2      | Reached XP level 4. HP: 14/28 MP: 4/4
  1368 | D:2      | Reached XP level 5. HP: 16/32 MP: 5/5
  1542 | D:2      | Noticed Robin
  1572 | D:2      | Killed Robin
  1727 | D:2      | Reached XP level 6. HP: 38/38 MP: 6/6
  1753 | D:2      | Found a blossoming altar of Fedhas.
  2235 | D:2      | 2235 ||| UPGRADING to scale mail.
  2245 | D:2      | 2245 ||| DROPPING +0 ring mail.
  2246 | D:2      | 2246 ||| UPGRADING to +0 helmet.
  2251 | D:2      | 2251 ||| READING scroll of enchant armour.
  2251 | D:2      | 2251 ||| ENCHANTING +0 helmet.
  2252 | D:2      | 2252 ||| READING scroll labeled DOQ IPRETRONT.
  2255 | D:2      | 2255 ||| READING scroll labeled LAFEORCHAGRO.
  2256 | D:2      | 2256 ||| READING scroll labeled MUAWULUORADGH.
  2257 | D:2      | 2257 ||| READING scroll labeled ZUESTOTW DUME.
  2258 | D:2      | 2258 ||| READING scroll of identify.
  2258 | D:2      | 2258 ||| IDENTIFYING ruby ring
  2259 | D:2      | 2259 ||| DROPPING cursed ring of teleportation.
  2287 | D:3      | 2287 ||| STAIRDANCE
  2298 | D:3      | 2298 ||| STAIRDANCE
  2507 | D:3      | Noticed a black bear
  2507 | D:3      | Noticed a black bear
  2507 | D:3      | Noticed a polar bear
  2511 | D:3      | HP: 4/38 [black bear[the rage of Trog] (6)]
  2512 | D:3      | Mangled by a polar bear

Levels and vault maps discovered:
D:1:      scummos_arrival_simple_fountains, layout_loops_ring,
          dk_noncrumbling_3, solitary_fountain, tso_metal_star
D:2:      layout_basic, fedhas_altar_fruit_tree, minmay_circle_x, uniq_robin,
          uniq_sigmund
D:3:      layout_loops_ring, nrook_uturn, minmay_splitting_lines,
          minmay_lizard_king, uniq_terence

Skill      XL: |  1  2  3  4  5  6 |
---------------+-------------------+-----
Axes           | 3 5 |  5.8
Fighting       | 4 |  4.0
Armour         | |  2.1
Dodging        | |  1.5

Action                   |  1- 3 |  4- 6 || total
-------------------------+-------+-------++-------
Melee: Hand axe          |   110 |    96 ||   206
Invok: Renounce Religion |     1 |       ||     1
  Use: Scroll            |     4 |     6 ||    10
       Potion            |     1 |       ||     1
  Eat: Chunk             |     1 |     4 ||     5
Armor: Animal skin       |    11 |       ||    11
       Ring mail         |    22 |    20 ||    42
       Scale mail        |       |    32 ||    32
Dodge: Dodged            |    55 |    49 ||   104
